 Dungeon Crawl Stone Soup version 0.31-a0-237-g2d982f9f85 (webtiles) character file.

Game seed: 9010241403910315944

737 qw the Skirmisher (level 7, -1/61 HPs)
             Began as a Minotaur Hexslinger on July 11, 2023.
             Slain by an orc
             ... wielding a +0 trident
              (3 damage)
             ... on level 5 of the Dungeon.
             The game lasted 00:01:19 (3924 turns).

qw the Skirmisher (Minotaur Hexslinger)             Turns: 3924, Time: 00:01:20

Health: -1/61      AC:  5    Str: 13    XL:     7   Next: 46%
Magic:  7/7        EV: 11    Int: 10    God:
Gold:   132        SH:  0    Dex: 14    Spells: 7/8 levels left

rFire   . . .        g - +3 sling (heavy)
rCold   . . .        (no shield)
rNeg    . . .        f - +0 ring mail
rPois   .            (helmet restricted)
rElec   .            (no cloak)
rCorr   .            (no gloves)
SInv    .            (no boots)
Will    .....        (no amulet)
Stlth   +            (no ring)
HPRegen 0.30/turn    (no ring)
MPRegen 0.10/turn

%: no passive effects
@: lethally poisoned (-1 -> -6), about to teleport
A: horns 2, retaliatory headbutt
a: no special abilities


You were on level 5 of the Dungeon.
You visited 1 branch of the dungeon, and saw 5 of its levels.

You collected 132 gold pieces.


Innate Abilities, Weirdness & Mutations

You have a pair of horns on your head.
You reflexively headbutt those who attack you in melee.


   Skills:
 - Level 5.0 Fighting
 + Level 8.1 Ranged Weapons
 - Level 1.0 Armour
 - Level 2.1 Dodging
 - Level 1.0 Spellcasting
 - Level 2.0 Hexes


You had 7 spell levels left.
You knew the following spells:

 Your Spells              Type           Power      Damage    Failure   Level
a - Slow                  Hex            16%        N/A       32%         1

Your spell library contained the following spells:

 Spells                   Type           Power      Damage    Failure   Level
 Inner Flame              Hex/Fire       2%         N/A       82%         3
 Portal Projectile        Hex/Tloc       4%         N/A       82%         3
 Cause Fear               Hex            2%         N/A       97%         4

Inventory:

Hand Weapons
 g - a +3 heavy sling (weapon)
Armour
 b - +0 steam dragon scales
 f - a +0 ring mail (worn)
Jewellery
 d - a ring of positive energy
Scrolls
 a - a scroll of teleportation
 j - a scroll of brand weapon
 Y - a scroll of identify
Potions
 c - a potion of haste
 e - 2 potions of heal wounds
 h - a potion of enlightenment {unknown}
 i - a potion of degeneration {unknown}
 k - a potion of might {unknown}

Dungeon Overview and Level Annotations

Branches:
Dungeon (5/15)
 Temple: D:4-7

Altars:
Gozag
Kikubaaqudgha
Ru
Sif Muna
Uskayaw
Wu Jian
Xom
Yredelemnul


Message History

The orc barely misses you. The orc closely misses you. The adder bites you.
You are poisoned.
The adder poisons you!
Your Ranged Weapons skill increases to level 8!
You shoot a sling bullet. The sling bullet hits the jelly!!
You kill the jelly!
You feel very sick. The orc barely misses you. The orc closely misses you.
You furiously retaliate!
You headbutt the orc!
You kill the orc!
A gnoll comes into view. It is wielding a +0 flail.
The adder closely misses you. The adder barely misses you. The adder bites you.
The orc barely misses you.
Your Fighting skill increases to level 5!
You shoot a sling bullet. The sling bullet hits the adder.
The adder is heavily wounded.
You feel sick. The adder closely misses you. You furiously retaliate!
You headbutt the adder.
You kill the adder!
The adder bites you but does no damage.
An orc priest comes into view. It is wielding a +0 dagger.
The orc misses you. The adder bites you but does no damage.
You shoot a sling bullet.
The sling bullet closely misses the iguana.
You feel sick. The iguana closely misses you. You furiously retaliate!
You headbutt the iguana.
The orc priest mumbles some strange prayers to Beogh against you.
Beogh smites you! The orc misses you. The adder barely misses you.
The orc priest mumbles some strange prayers to Beogh against you.
Beogh smites you! The iguana bites you. The adder bites you.
3924 ||| READING 2 scrolls of teleportation.
As you read the scroll of teleportation, it crumbles to dust.
You feel strangely unstable.
You feel sick.
You are no longer poisoned.
The adder bites you.
You are lethally poisoned!
The adder poisons you! The iguana closely misses you.
The orc hits you from afar with a +0 trident.
You die...

. .. #... ....... ..
####.....# .....o. ..
#....##.^.#. .......
.###.#... .....# .......
.##..#.# #....# .g..../
.#.....####.##.##oo.....
................)log....
.#..............@S#
.#.#.............##
##.......).......# ###
##...............#
#.########.#
##.##....?......##
#.##.......#
#######.)#....##
#....####### ####.####
##....###
####...#####..##...###
#.####...............##


You could see an iguana, 2 orc priests, 2 gnolls, an adder and 2 orcs.

Vanquished Creatures
  A steam dragon (D:5)
  2 ogres
  2 scorpions
  A jelly (D:5)
  An orc priest (D:4)
  2 iguanas (D:4)
  A sleepcap (D:4)
  10 adders
  2 ufetubi
  4 worms
  8 orcs
  4 endoplasms
  5 giant cockroaches
  5 hobgoblins
  4 jackals (D:1)
  3 quokkas
  4 ball pythons
  2 bats
  2 frilled lizards (D:1)
  11 goblins
  10 kobolds
  4 rats
88 creatures vanquished.

Notes
Turn   | Place    | Note
-------+----------+-------------------------------------------
     0 | D:1      | qw the Minotaur Hexslinger began the quest for the Orb.
     0 | D:1      | Reached XP level 1. HP: 16/16 MP: 1/1
     0 | D:1      | 0 ||| qw: Version: 0.3-a-52-g30416fa
     0 | D:1      | 0 ||| qw: Game counter: 5619
     0 | D:1      | 0 ||| qw: Melee chars always use a shield: true
     0 | D:1      | 0 ||| qw: God list: Okawaru
     0 | D:1      | 0 ||| qw: Allow faded altars: false
     0 | D:1      | 0 ||| qw: Do Orc after clearing Dungeon:15 true
     0 | D:1      | 0 ||| qw: Do second Lair branch before Depths: true
     0 | D:1      | 0 ||| qw: Lair rune preference: random
     0 | D:1      | 0 ||| qw: Goals: Normal
     0 | D:1      | 0 ||| PLANNING D:1-11
   192 | D:1      | Reached skill level 3 in Ranged Weapons
   352 | D:1      | Reached XP level 2. HP: 23/23 MP: 2/2
   445 | D:1      | Found a faded altar of an unknown god.
   749 | D:1      | 749 ||| UPGRADING to +0 ring mail.
   759 | D:1      | 759 ||| DROPPING +0 robe.
   760 | D:1      | 760 ||| READING scroll labelled XUARPHO CAANU.
   765 | D:1      | 765 ||| READING scroll labelled CAWNIKHL KUOZAO.
   766 | D:1      | 766 ||| DRINKING 2 dark potions.
   767 | D:1      | 767 ||| DROPPING scroll of poison.
   768 | D:1      | 768 ||| DROPPING potion of invisibility.
   838 | D:2      | Found a shimmering blue altar of Sif Muna.
  1094 | D:2      | Reached XP level 3. HP: 21/29 MP: 3/3
  1343 | D:2      | Reached skill level 4 in Ranged Weapons
  1484 | D:2      | 1484 ||| READING scroll labelled GAENKAIZ NIASCH.
  1485 | D:2      | 1485 ||| READING scroll labelled KOXOBA WUNOK.
  1486 | D:2      | 1486 ||| DRINKING 2 ruby potions.
  1487 | D:2      | 1487 ||| DRINKING 2 cyan potions.
  1513 | D:3      | 1513 ||| STAIRDANCE
  1544 | D:3      | 1544 ||| STAIRDANCE
  1638 | D:3      | Reached skill level 1 in Armour
  1770 | D:3      | Reached XP level 4. HP: 36/36 MP: 4/4
  1963 | D:3      | Found a hide-covered altar of Uskayaw.
  1963 | D:3      | Noticed a +0 hand axe
  1971 | D:3      | Noticed a +0 hand axe
  2161 | D:3      | 2161 ||| READING scroll labelled CAWNOH AGAD.
  2162 | D:3      | 2162 ||| READING scroll labelled ZUUM WE GECO.
  2163 | D:3      | 2163 ||| READING scroll labelled ULOFOBROESS.
  2345 | D:4      | Found a sacrificial altar of Ru.
  2346 | D:4      | Noticed a scorpion
  2349 | D:4      | Killed a scorpion
  2350 | D:4      | Reached skill level 5 in Ranged Weapons
  2350 | D:4      | Reached XP level 5. HP: 41/41 MP: 5/5
  2382 | D:4      | HP: 10/41 [iguana (4)]
  2586 | D:4      | Reached skill level 3 in Fighting
  2768 | D:4      | Found an ornate altar of the Wu Jian Council.
  2967 | D:4      | Reached skill level 6 in Ranged Weapons
  3204 | D:4      | Reached XP level 6. HP: 50/51 MP: 6/6
  3216 | D:4      | 3216 ||| READING scroll of enchant weapon.
  3216 | D:4      | 3216 ||| ENCHANTING +1 heavy sling.
  3353 | D:4      | 3353 ||| READING 2 scrolls labelled DYARHOSAUG.
  3390 | D:5      | Entered Level 5 of the Dungeon
  3452 | D:5      | Noticed a steam dragon
  3454 | D:5      | 3454 ||| Stepping ~*~*~tactically~*~*~ (cloud).
  3460 | D:5      | Killed a steam dragon
  3461 | D:5      | Reached skill level 7 in Ranged Weapons
  3468 | D:5      | 3468 ||| FLEEEEING.
  3469 | D:5      | 3469 ||| FLEEEEING.
  3471 | D:5      | 3471 ||| FLEEEEING.
  3472 | D:5      | 3472 ||| FLEEEEING.
  3473 | D:5      | 3473 ||| FLEEEEING.
  3474 | D:5      | 3474 ||| FLEEEEING.
  3475 | D:5      | 3475 ||| FLEEEEING.
  3476 | D:5      | 3476 ||| FLEEEEING.
  3477 | D:5      | 3477 ||| FLEEEEING.
  3478 | D:5      | 3478 ||| FLEEEEING.
  3479 | D:5      | 3479 ||| FLEEEEING.
  3480 | D:5      | 3480 ||| FLEEEEING.
  3481 | D:5      | 3481 ||| FLEEEEING.
  3482 | D:5      | 3482 ||| STAIRDANCE
  3582 | D:4      | 3582 ||| READING 2 scrolls of identify.
  3582 | D:4      | 3582 ||| IDENTIFYING glowing red potion
  3583 | D:4      | 3583 ||| DROPPING potion of lignification.
  3592 | D:5      | 3592 ||| STAIRDANCE
  3595 | D:4      | Reached XP level 7. HP: 44/60 MP: 7/7
  3722 | D:5      | 3722 ||| READING scroll of enchant weapon.
  3722 | D:5      | 3722 ||| ENCHANTING +2 heavy sling.
  3831 | D:5      | Found an opulent altar of Gozag.
  3831 | D:5      | Found an ancient bone altar of Kikubaaqudgha.
  3831 | D:5      | Found a shimmering altar of Xom.
  3832 | D:5      | Found a basalt altar of Yredelemnul.
  3921 | D:5      | Reached skill level 8 in Ranged Weapons
  3923 | D:5      | HP: 10/61 [orc priest/divine providence (14)]
  3924 | D:5      | 3924 ||| READING 2 scrolls of teleportation.
  3924 | D:5      | HP: 2/61 [adder (3)]
  3924 | D:5      | Slain by an orc

Levels and vault maps discovered:
D:1:      minmay_arrival_hallway, layout_basic, ebering_ecumenical_altar_ruins
D:2:      layout_loops_ring, basic_altar, corexii_item_surrounded_by_moat
D:3:      layout_loops_ring, dancing_weapons_uskayaw
D:4:      layout_gridville, nzn_wu_jian_council_hall, nicolae_ru_path_of_blood,
          minmay_misc_feat_encased, minmay_quantized
D:5:      layout_rooms, minitemple, mainiacjoe_overflow_alcove_2,
          grunt_temple_overflow_open, minmay_temple_entry_butterflies,
          hangedman_decor_points

Skill      XL: |  1  2  3  4  5  6  7 |
---------------+----------------------+-----
Ranged Weapons | 3 4 5 6 7 8 |  8.1
Fighting       | 2 3 4 5 |  5.0
Armour         | 1 |  1.0
Dodging        | |  2.1
Spellcasting   | |  1.0
Hexes          | |  2.0

Action                     |  1- 3 |  4- 6 |  7- 9 || total
---------------------------+-------+-------+-------++-------
   Fire: Sling             |   128 |   103 |    32 ||   263
    Use: Scroll            |     4 |     6 |     2 ||    12
         Potion            |     3 |       |       ||     3
 Armour: Ring mail         |    10 |    25 |     8 ||    43
  Dodge: Dodged            |    28 |    41 |    23 ||    92

Table legend:
 A = Non-vault XP
 B = Vault XP
 C = Vault XP percentage of total XP
 D = Non-vault monster count
 E = Vault monster count
 F = Vault count percentage of total count
                 A         B        C        D         E       F
            +---------+---------+-------+---------+---------+-------
      Total |    1030 |      24 |   2.3 |      84 |       4 |   4.5
            +---------+---------+-------+---------+---------+-------
        D:1 |      26 |       0 |   0.0 |      16 |       0 |   0.0
        D:2 |      45 |       0 |   0.0 |      16 |       0 |   0.0
        D:3 |      41 |       0 |   0.0 |      10 |       0 |   0.0
        D:4 |     427 |      24 |   5.3 |      28 |       4 |  12.5
        D:5 |     491 |       0 |   0.0 |      14 |       0 |   0.0
            +---------+---------+-------+---------+---------+-------
